 Dungeon Crawl Stone Soup version 0.28.0 (webtiles) character file.

Game seed: 2016631009567472444

325 ju1c3 the Conjurer (level 6, -4/32 HPs)
             Began as a Deep Elf Conjurer on Feb 18, 2022.
             Slain by a black bear (10 damage)
             ... on level 4 of the Dungeon.
             The game lasted 00:17:25 (3962 turns).

ju1c3 the Conjurer (Deep Elf Conjurer)              Turns: 3962, Time: 00:17:26

Health: -4/32      AC:  3    Str:  6    XL:     6   Next: 24%
Magic:  8/17       EV: 11    Int: 23    God:
Gold:   108        SH:  0    Dex: 13    Spells: 10/17 levels left

rFire   . . .      SeeInvis .   o - +6 dagger
rCold   . . .      Faith    .   (no shield)
rNeg    . . .      Spirit   .   q - +0 leather armour
rPois   .          Reflect  .   (no helmet)
rElec   .          Harm     .   (no cloak)
rCorr   .          Rampage  .   (no gloves)
Will    .....                   (no boots)
Stlth   ++........              (no amulet)
HPRegen 0.10/turn               (no ring)
MPRegen 0.15/turn               (no ring)

@: no status effects
A: no striking features
a: no special abilities


You were on level 4 of the Dungeon.
You visited 1 branch of the dungeon, and saw 4 of its levels.

You collected 108 gold pieces.

Inventory:

Hand Weapons
 d - a +0 short sword
 o - a +6 dagger (weapon)
Armour
 a - a +0 robe
 q - a +0 leather armour (worn)
Scrolls
 c - a scroll of identify {unknown}
 e - a scroll of teleportation {unknown}
 f - a scroll of immolation {unknown}
 g - a scroll of blinking {unknown}
 h - a scroll of fear {unknown}
 r - a scroll of enchant weapon {unknown}
Potions
 b - a potion of magic {unknown}
 i - a potion of haste {unknown}
 j - a potion of degeneration {unknown}
 k - a potion of curing {unknown}
 l - a potion of might {unknown}
 m - 2 potions of heal wounds {unknown}
 n - a potion of resistance {unknown}
 p - a potion of brilliance {unknown}


   Skills:
 - Level 2.4 Dodging
 - Level 2.4 Stealth
 + Level 6.1 Spellcasting
 + Level 6.2 Conjurations
 + Level 2.6 Translocations


You had 10 spell levels left.
You knew the following spells:

 Your Spells              Type           Power      Damage    Failure   Level
a - Magic Dart            Conj           100%       1d8       1%          1
b - Searing Ray           Conj           70%        2d7       1%          2
c - Iskenderun's Mystic   Conj/Tloc      27%        2d7       22%         4

Your spell library contained the following spells:

 Spells                   Type           Power      Damage    Failure   Level
 Dazzling Flash           Conj/Hex       42%        N/A       11%         3
 Stone Arrow              Conj/Erth      42%        3d9       11%         3
 Sandblast                Erth           14%        2d6       13%         1
 Passwall                 Tmut/Erth      5%         N/A       21%         2
 Fulminant Prism          Conj/Hex       10%        3d9       34%         4


Dungeon Overview and Level Annotations

Branches:
Dungeon (4/15)
 Temple: D:4-7

Altars:
Cheibriados
Dithmenos
Elyvilon
Kikubaaqudgha
Nemelex Xobeh

Annotations:
D:2 Sigmund
D:4 1 transporter, bande's ghost, novice GrFi


Message History

The black bear is severely wounded.
The searing ray misses the gnoll.
The black bear goes berserk!
The gnoll hits you with a +0 whip.
Casting: Searing Ray (safe; 1% risk of failure)
Confirm with . or Enter, or press ? or * to list all spells.
Aiming: Searing Ray (safe; 1% risk of failure)
Press: ? - help, Shift-Dir - straight line, f - gnoll
Aim: a gnoll, wielding a +0 whip (83% to hit)
The searing ray hits the gnoll.
The gnoll is lightly wounded.
The searing ray hits the gnoll!
The gnoll is severely wounded. (Press . to maintain the ray.)
An endoplasm comes into view.
The searing ray hits the gnoll.
The gnoll is moderately wounded.
The black bear bites you. The black bear barely misses you.
The black bear claws you. The gnoll barely misses you.
The black bear closely misses you. The black bear barely misses you.
The black bear claws you.
The gnoll hits you from afar with a +0 spear.
* * * LOW HITPOINT WARNING * * *
The gnoll misses you. The black bear bites you.
* * * LOW HITPOINT WARNING * * *
The black bear claws you but does no damage.
The black bear closely misses you.
Okay, then.
Casting: Searing Ray (safe; 1% risk of failure)
Confirm with . or Enter, or press ? or * to list all spells.
Aiming: Searing Ray (safe; 1% risk of failure)
Press: ? - help, Shift-Dir - straight line, p - gnoll The searing ray hits the black bear.
The black bear is almost dead.
The searing ray hits the gnoll!
The gnoll is severely wounded.
The searing ray misses the gnoll. (Press . to maintain the ray.)
The black bear bites you!
You die...

♣♣
#.....####..##...##.
#.....####..##...##
#.......)..........
#...................
#................?..
#.......g.....>.....
........g..)..J.....
.#.....##h##..##...##
########@##..# ...#
#............[
#.............
#.............
#########... ...


You could see a black bear (berserk) and 2 gnolls.

Vanquished Creatures
  A black bear (D:4)
  A water moccasin zombie (D:4)
  2 hounds
  2 gnolls (D:4)
  3 adders
  A shadow imp (D:3)
  2 adder zombies (D:4)
  3 worms (D:2)
  A dart slug (D:2)
  5 bats
  5 endoplasms
  3 giant cockroaches (D:1)
  6 hobgoblins
  2 quokkas
  8 ball pythons
  2 frilled lizards
  8 goblins
  A jackal zombie (D:4)
  2 kobolds
  A rat (D:3)
  2 rat zombies (D:3)
61 creatures vanquished.

Notes
Turn   | Place    | Note
-------+----------+-------------------------------------------
     0 | D:1      | ju1c3 the Deep Elf Conjurer began the quest for the Orb.
     0 | D:1      | Reached XP level 1. HP: 10/10 MP: 6/6
   440 | D:1      | Reached XP level 2. HP: 15/15 MP: 3/8
   443 | D:1      | Learned a level 2 spell: Searing Ray
   855 | D:1      | Found a faded altar of an unknown god.
  1272 | D:2      | Reached skill level 5 in Conjurations
  1272 | D:2      | Reached XP level 3. HP: 19/19 MP: 7/10
  1332 | D:2      | Noticed Sigmund
  1818 | D:2      | Found a snail-covered altar of Cheibriados.
  2091 | D:2      | You fall into a shaft and drop 2 floors!
  2103 | D:4      | Reached XP level 4. HP: 24/24 MP: 7/12
  2174 | D:3      | Found an ancient bone altar of Kikubaaqudgha.
  2271 | D:3      | Found a sparkling altar of Nemelex Xobeh.
  2272 | D:3      | Found a white marble altar of Elyvilon.
  2272 | D:3      | Found a shadowy altar of Dithmenos.
  2514 | D:2      | Reached skill level 5 in Spellcasting
  2661 | D:2      | Learned a level 4 spell: Iskenderun's Mystic Blast
  3149 | D:3      | Reached skill level 1 in Translocations
  3631 | D:4      | Noticed bande's ghost (novice GrFi)
  3631 | D:4      | Found a transporter.
  3647 | D:4      | Reached XP level 5. HP: 28/28 MP: 10/14
  3819 | D:4      | Noticed a black bear
  3846 | D:4      | Killed a black bear
  3847 | D:4      | Reached XP level 6. HP: 21/32 MP: 7/17
  3962 | D:4      | Slain by a black bear

Illustrated notes

Levels and vault maps discovered:
D:1:      eino_arrival_tree_alley, layout_loops_ring,
          hellmonk_ecumenical_altar_slurped_away, chequers_serial_rivers_micro_c
D:2:      layout_basic, basic_altar, uniq_sigmund
D:3:      layout_basic, lemuel_zombie_altar_kikubaaqudgha,
          gammafunk_temple_overflow_forgotten
D:4:      layout_gridville, nicolae_yredelemnul_corpse_copse,
          gammafunk_ghost_arena

Skill      XL: |  1  2  3  4  5 |
---------------+----------------+-----
Spellcasting   | 4 5 6 |  6.1
Conjurations   | 5 6 |  6.2
Translocations | 1 2 |  2.6
Dodging        | |  2.4
Stealth        | |  2.4

Action                   |  1- 3 |  4- 6 || total
-------------------------+-------+-------++-------
Melee: Dagger            |       |     5 ||     5
 Cast: Magic Dart        |    30 |    32 ||    62
       Searing Ray       |    18 |    16 ||    34
Armor: Robe              |       |     1 ||     1
       Leather armour    |       |     3 ||     3
Dodge: Dodged            |     3 |    22 ||    25
